 Dungeon Crawl Stone Soup version 0.28-a0-1038-g9c4cb8273d (webtiles) character file.

Game seed: 5272813378898929432

11708 MacCMillion the Frost Mage (level 11, -1/79 HPs)
             Began as a Merfolk Ice Elementalist on Dec 8, 2021.
             Was a Priest of Vehumet.
             Killed from afar by Erica (14 damage)
             ... with an iceblast
             ... on level 11 of the Dungeon.
             The game lasted 00:44:44 (16288 turns).

MacCMillion the Frost Mage (MfIE)                  Turns: 16288, Time: 00:44:44

Health: -1/79      AC:  8    Str: 13    XL:     11   Next: 82%
Magic:  14/18      EV: 15    Int: 19    God:    Vehumet [***...]
Gold:   649        SH:  0    Dex: 10    Spells: 7/19 levels left

rFire   . . .      SeeInvis .   Q - +3 rapier (speed)
rCold   . . .      Faith    .   (no shield)
rNeg    . . .      Spirit   .   y - +2 robe of Fun and Games {Rampage Str+5 Dex-5}
rPois   .          Reflect  .   l - +0 helmet
rElec   .          Harm     .   W - +2 cloak {Will+}
rCorr   .          Rampage  +   (no gloves)
Will    ++...                   (no boots)
Stlth   ++........              (no amulet)
HPRegen 0.23/turn               v - ring of wizardry
MPRegen 0.16/turn               T - ring of willpower

@: lethally poisoned (-1 -> -3)
A: (nimble swimmer 2), mertail
a: Renounce Religion


You were on level 11 of the Dungeon.
You worshipped Vehumet.
Vehumet was most pleased with you.
You visited 2 branches of the dungeon, and saw 12 of its levels.

You collected 649 gold pieces.

Inventory:

Hand Weapons
 g - a +1 whip of distortion
 k - a +0 trident
 n - a +1 dagger of speed
 Q - a +3 rapier of speed (weapon)
Missiles
 x - 3 throwing nets
Armour
 a - a +0 robe
 h - +0 steam dragon scales
 i - a +1 kite shield of protection
 l - a +0 helmet (worn)
 u - a +0 pair of gloves
 y - the +2 robe of Fun and Games (worn) {Rampage Str+5 Dex-5}
   (You found it on level 5 of the Dungeon)

   Str:       It affects your strength (+5).
   Dex:       It affects your dexterity (-5).
   Rampage:   It bestows one free step when moving towards enemies.
 V - a +0 troll leather armour
 W - a +2 cloak of willpower (worn)
Magical Staves
 N - a staff of conjuration
Jewellery
 c - a +6 ring of dexterity
 e - a ring of protection from cold
 f - a +4 ring of protection
 v - a ring of wizardry (left hand)
 z - the ring "Yppiczip" {*Slow EV+4 Str+6}
   (You found it on level 6 of the Dungeon)

   [ring of evasion]

   EV:        It affects your evasion (+4).
   Str:       It affects your strength (+6).
   *Slow:     It may slow you when you take damage.
 E - a ring of protection from cold
 F - a ring of positive energy
 O - a +4 ring of protection
 T - a ring of willpower (right hand)
Wands
 s - a wand of charming (7)
 H - a wand of polymorph (9)
 K - a wand of flame (21)
 R - a wand of acid (3)
 S - a wand of iceblast (5)
 X - a wand of paralysis (2)
Scrolls
 d - a scroll of silence
 j - 2 scrolls of enchant weapon
 p - 3 scrolls of teleportation
 r - 2 scrolls of noise
 w - 2 scrolls of fear
 A - 9 scrolls of identify
 B - a scroll of brand weapon {unknown}
 D - a scroll of blinking {unknown}
 L - a scroll of amnesia {unknown}
 U - a scroll of magic mapping {unknown}
Potions
 b - a potion of resistance {unknown}
 m - a potion of heal wounds
 o - 2 potions of ambrosia
 q - 3 potions of flight
 t - 3 potions of curing
 C - a potion of might
 G - 3 potions of brilliance {unknown}
 I - a potion of haste {unknown}
 J - a potion of magic {unknown}
 M - 2 potions of attraction {unknown}
 P - a potion of lignification {unknown}


   Skills:
 - Level 5.0 Fighting
 - Level 10.0 Dodging
 - Level 3.0 Stealth
 * Level 9.4 Shields
 + Level 4.9 Spellcasting
 - Level 4.0 Hexes
 + Level 13.3 Ice Magic


You had 7 spell levels left.
You knew the following spells:

 Your Spells              Type           Power      Damage    Failure   Level
a - Freeze                Ice            100%       1d11      1%          1
b - Frozen Ramparts       Ice            100%       1d12      1%          3
c - Ozocubu's Armour      Ice            53%        N/A       1%          3
d - Metabolic Englaciati  Hex/Ice        18%        N/A       4%          5

Your spell library contained the following spells:

 Spells                   Type           Power      Damage    Failure   Level
 Conjure Flame            Conj/Fire      4%         6-21      4%          3
 Hailstorm                Conj/Ice       29%        3d8       1%          4
 Static Discharge         Conj/Air       4%         N/A       2%          2
 Ozocubu's Refrigeration  Ice            26%        4d10      5%          7
 Lightning Bolt           Conj/Air       2%         1d13      32%         5
 Simulacrum               Ice/Necr       14%        N/A       43%         6
 Maxwell's Capacitive Co  Air            2%         ∞         100%        8


Dungeon Overview and Level Annotations

Branches:
Dungeon (11/15)            Temple (1/1) D:5
   Lair: D:8-11         Orc: D:9-12

Altars:
Ashenzari
Cheibriados
Dithmenos
Elyvilon
Fedhas
Gozag
Hepliaklqana
Kikubaaqudgha
Makhleb
Nemelex Xobeh
Okawaru
Qazlal
Ru
Sif Muna
Trog
Uskayaw
Vehumet
Wu Jian
Xom
Yredelemnul
Zin
The Shining One

Shops:
D:8 !

Annotations:
D:4 2 transporters, Blork the orc; Decritt's ghost, novice GrFi; Grinder
D:11 Erica


Innate Abilities, Weirdness & Mutations

((You are quick and stealthy near water. (Stealth+, EV+, Speed+++)))
Your lower body shifts to a powerful aquatic tail in water.


Message History

The goblin skeleton completely resists.
The wall freezes the goblin skeleton but does no damage.
Unknown command.
You puncture the ogre zombie!
The ogre zombie is almost destroyed.
You feel sick.
The ogre zombie resists.
The wall freezes the ogre zombie.
The ogre zombie resists.
The wall freezes the ogre zombie.
The ogre zombie closely misses you.
The wall freezes something.
Unknown command.
You hit the ogre zombie.
The ogre zombie is almost destroyed.
You feel sick.
The ogre zombie resists.
The wall freezes the ogre zombie.
The ogre zombie resists.
The wall freezes the ogre zombie.
You destroy the ogre zombie!
Vehumet accepts your kill.
You feel sick.
The wall freezes something.
The ogre zombie completely resists.
The wall freezes the ogre zombie but does no damage.
Unknown command.
Something unexpectedly blocked you, preventing you from rampaging!
Your icy armour and frozen ramparts will break if you move.
Continue?
Okay, then.
Your icy armour and frozen ramparts will break if you move.
Continue?
Your icy armour cracks and falls away as you move.
The frozen ramparts melt away as you move.
You feel sick.
You hear some strange, mumbled words.
A lance of force appears from out of thin air!
The lance of force hits you!!
* * * LOW HITPOINT WARNING * * *
You are knocked back by the lance of force.
You slam into the rock wall!
* * * LOW HITPOINT WARNING * * *
You feel sick.
You see here a +0 whip.
Unknown command.
You feel sick.
You hear a zap.
An iceblast appears from out of thin air!
The mass of ice explodes!
The iceblast engulfs you!
You die...

... ..TY ###
.... #)#
....$
#@#####.....
#)##........
##.##ZZ......
#.){[YZ......
##.##ZZ......
#.##........
#.##........
#+##........
.........


There were no monsters in sight!

Vanquished Creatures
  Snorg (D:11)
  3 two-headed ogres
  Pikel (D:4)
  Maurice (D:10)
  2 gargoyles
  Maggie (D:8)
  Psyche (D:10)
  A tengu conjurer (D:10)
  4 trolls
  A hornet (D:9)
  A vampire (D:6)
  7 yaks
  5 steam dragons
  An acid dragon (D:8)
  4 water moccasins
  Duvessa (D:7)
  An orc warrior (D:6)
  A necrophage (D:7)
  2 sky beasts (D:6)
  4 centaurs
  2 ogres
  3 lemures
  3 kobold brigands
  3 phantoms
  7 bullfrogs
  2 gnoll sergeants
  A wyvern zombie (D:5)
  2 scorpions
  A water moccasin skeleton (D:6)
  Dowan (D:7)
  5 wights (D:7)
  A killer bee (D:6)
  3 howler monkeys
  2 centaur zombies
  2 bullfrog zombies (D:6)
  3 hounds
  3 jellies
  A gnoll shaman (D:7)
  4 orc priests
  3 centaur skeletons
  Natasha (D:4)
  2 iguanas
  9 orc wizards
  An ogre zombie (D:11)
  2 howler monkey zombies
  A howler monkey skeleton (D:7)
  4 adders
  15 gnolls
  A shadow imp (D:5)
  3 ufetubi
  An adder zombie (D:5)
  2 worms (D:2)
  2 dart slugs
  35 orcs
  5 ball pythons
  3 endoplasms
  3 giant cockroaches
  6 goblins
  4 hobgoblins
  23 kobolds
  4 quokkas
  6 bats
  4 frilled lizards
  3 goblin skeletons (D:5)
  2 hobgoblin zombies (D:5)
  2 kobold skeletons (D:5)
  3 kobold zombies (D:5)
  An orc skeleton (D:5)
  An orc zombie (D:5)
  5 rats
249 creatures vanquished.

Vanquished Creatures (others)
  3 plants (D:3)
  A withered plant (D:3)
4 creatures vanquished.

Grand Total: 253 creatures vanquished

Notes
Turn   | Place    | Note
-------+----------+-------------------------------------------
     0 | D:1      | MacCMillion the Merfolk Ice Elementalist began the quest
                  | for the Orb.
     0 | D:1      | Reached XP level 1. HP: 13/13 MP: 3/3
   150 | D:1      | Reached XP level 2. HP: 19/19 MP: 0/5
   719 | D:2      | Reached skill level 5 in Ice Magic
   719 | D:2      | Reached XP level 3. HP: 24/24 MP: 6/6
   726 | D:2      | Learned a level 3 spell: Frozen Ramparts
  1651 | D:3      | Reached XP level 4. HP: 30/30 MP: 7/7
  1694 | D:3      | Reached skill level 6 in Ice Magic
  2000 | D:3      | Reached XP level 5. HP: 17/35 MP: 4/8
  2267 | D:3      | Found a basalt altar of Yredelemnul.
  2499 | D:3      | Learned a level 3 spell: Ozocubu's Armour
  2960 | D:4      | Found an ornate altar of the Wu Jian Council.
  2973 | D:4      | Reached skill level 7 in Ice Magic
  3065 | D:4      | Found a transporter.
  3066 | D:4      | Found a transporter.
  3066 | D:4      | Noticed Decritt's ghost (novice GrFi)
  3083 | D:4      | Noticed a lemure
  3090 | D:4      | Noticed a lemure
  3095 | D:4      | Noticed Pikel
  3105 | D:4      | Killed a lemure
  3105 | D:4      | Noticed a lemure
  3112 | D:4      | Noticed a lemure
  3119 | D:5      | Entered Level 5 of the Dungeon
  3119 | D:5      | Noticed a water moccasin
  3125 | D:5      | Killed a lemure
  3137 | D:5      | Killed a water moccasin
  3138 | D:5      | Reached skill level 1 in Fighting
  3138 | D:5      | Reached XP level 6. HP: 20/44 MP: 6/9
  3349 | D:5      | Identified a scroll of acquirement
  3350 | D:5      | Acquired a +1 kite shield of protection
  3459 | D:5      | Found a glowing golden altar of the Shining One.
  3646 | D:5      | Identified the +2 robe of Fun and Games {Rampage Str+5
                  | Dex-5}
  3806 | D:5      | Found a staircase to the Ecumenical Temple.
  3826 | Temple   | Entered the Ecumenical Temple
  3984 | Temple   | Became a worshipper of Vehumet
  4024 | D:5      | Reached XP level 7. HP: 32/51 MP: 0/10
  4374 | D:5      | Reached skill level 5 in Dodging
  4662 | D:6      | Reached skill level 8 in Ice Magic
  4804 | D:6      | Reached XP level 8. HP: 54/60 MP: 8/12
  4879 | D:6      | Noticed a vampire
  4918 | D:6      | Killed a vampire
  5300 | D:6      | Reached skill level 5 in Fighting
  5401 | D:6      | Identified the ring "Yppiczip" {*Slow EV+4 Str+6}
  5409 | D:6      | Learned a level 5 spell: Metabolic Englaciation
  5478 | D:6      | Reached skill level 1 in Hexes
  5478 | D:6      | Reached skill level 9 in Ice Magic
  5979 | D:6      | Reached * piety under Vehumet
  5979 | D:6      | Offered knowledge of Magic Dart by Vehumet.
  6231 | D:6      | Reached XP level 9. HP: 50/68 MP: 8/15
  6514 | D:5      | Reached skill level 10 in Ice Magic
  7146 | D:6      | Found a hazy altar of Hepliaklqana.
  7577 | D:7      | Noticed Duvessa
  7577 | D:7      | Noticed Dowan
  7623 | D:6      | Reached skill level 11 in Ice Magic
  8104 | D:7      | Reached skill level 12 in Ice Magic
  8555 | D:7      | Reached skill level 1 in Shields
  9286 | D:4      | Reached XP level 10. HP: 33/72 MP: 13/16
  9471 | D:4      | Killed Pikel
  9689 | D:4      | Reached ** piety under Vehumet
  9691 | D:4      | Offered knowledge of Foxfire by Vehumet.
  9771 | D:4      | Noticed Grinder
  9773 | D:4      | Noticed Blork the orc
  9997 | D:4      | Noticed Natasha
 10003 | D:4      | Killed Natasha
 10018 | D:4      | Paralysed by Grinder for 6 turns
 10746 | D:7      | Killed Dowan
 10762 | D:7      | Killed Duvessa
 11553 | D:8      | Noticed a gargoyle
 11557 | D:8      | Killed a gargoyle
 11609 | D:8      | Noticed a two-headed ogre
 11614 | D:8      | Killed a two-headed ogre
 11615 | D:8      | Reached skill level 5 in Shields
 11705 | D:8      | Found a sparkling altar of Nemelex Xobeh.
 11838 | D:8      | Noticed Maggie
 12470 | D:8      | Killed Maggie
 12621 | D:8      | Found Beb Xur's Distillery.
 12909 | D:9      | Paralysed by a hornet for 1 turns
 13059 | D:9      | Found an ancient bone altar of Kikubaaqudgha.
 13064 | D:9      | Found a blossoming altar of Fedhas.
 13079 | D:9      | Found a snail-covered altar of Cheibriados.
 13245 | D:9      | Reached XP level 11. HP: 62/79 MP: 14/17
 13262 | D:9      | Offered knowledge of Conjure Flame by Vehumet.
 13393 | D:9      | Noticed a two-headed ogre
 13428 | D:9      | Killed a two-headed ogre
 14100 | D:10     | Entered Level 10 of the Dungeon
 14117 | D:10     | Noticed a two-headed ogre
 14133 | D:10     | Killed a two-headed ogre
 14393 | D:10     | Found an opulent altar of Gozag.
 14649 | D:10     | Found a broken altar of Ashenzari.
 14701 | D:10     | Noticed Maurice
 14959 | D:10     | Killed Maurice
 15042 | D:10     | Reached skill level 13 in Ice Magic
 15135 | D:10     | Noticed Psyche
 15146 | D:10     | Killed Psyche
 15217 | D:10     | Reached skill level 10 in Dodging
 15480 | D:10     | Reached *** piety under Vehumet
 15739 | D:11     | Noticed Snorg
 15758 | D:11     | Noticed Erica
 15758 | D:11     | Killed Snorg
 16288 | D:11     | Killed from afar by Erica

Illustrated notes

Levels and vault maps discovered:
D:1:      dpeg_arrival_renting, layout_rooms, st_stairs_3, minmay_tetromino_l4
D:2:      layout_basic
D:3:      layout_basic, yredelemnul_altar_generic, serial_bayou,
          serial_bayou_ford_a, serial_bayou_shore_a, serial_bayou_shore_b,
          serial_bayou_pond_d, serial_bayou_pond_a
D:4:      layout_loops_cross, amcnicky_altar_gilded, gammafunk_ghost_arena,
          grunt_decor_one_mirror, lightli_minifort, uniq_natasha, uniq_pikel,
          uniq_blork_the_orc, uniq_grinder
D:5:      layout_loops_cross, nicolae_tso_besieged_by_evil,
          minmay_temple_entry_junction
D:6:      layout_layer_cave, mainiacjoe_overflow_alcove_4,
          minmay_divided_ellipse
D:7:      layout_basic, nicolae_concentric_dashed_squares_wild, uniq_duvessa
D:8:      layout_loops_cross, nemelex_diamond_rough_becter, serial_shops,
          nicolae_shop_trees, minivault_19, uniq_maggie
D:9:      layout_stronghold, grunt_temple_overflow_growth_and_decay,
          nicolae_overflow_crystal_walls
D:10:     layout_irregular_city, mainiacjoe_overflow_concentric_impassable,
          old_standard_altar, uniq_psyche, uniq_maurice
D:11:     layout_basic, erik_lair_island, zombieorc2_lemuel, special_room
          [special_room_bee], hex_tiny, uniq_urug, uniq_erica, uniq_snorg,
          uniq_gastronok
Temple:   minmay_temple_bridge_abc

Skill      XL: |  1  2  3  4  5  6  7  8  9 10 11 |
---------------+----------------------------------+-----
Stealth        | 3 |  3.0
Ice Magic      | 5 6 7 8 9 12 13 | 13.3
Dodging        | 3 4 5 8 10 | 10.0
Fighting       | 1 2 4 5 |  5.0
Spellcasting   | 3 4 |  4.9
Hexes          | 3 4 |  4.0
Shields        | 1 6 9 |  9.4

Action                   |  1- 3 |  4- 6 |  7- 9 | 10-12 || total
-------------------------+-------+-------+-------+-------++-------
Melee: Club              |     8 |       |       |       ||     8
       Dagger            |    11 |       |       |       ||    11
       Trident           |    20 |   153 |   327 |   126 ||   626
       Tailslap          |       |     1 |       |       ||     1
       Rapier            |       |       |       |   114 ||   114
Throw: Throwing net      |       |     1 |       |       ||     1
 Cast: Freeze            |    36 |    11 |    27 |    22 ||    96
       Frozen Ramparts   |     1 |    10 |    26 |    43 ||    80
       Ozocubu's Armour  |       |     2 |    27 |    25 ||    54
       Metabolic Englaci |       |       |       |    10 ||    10
Evoke: Wand              |       |       |       |     1 ||     1
  Use: Potion            |       |     3 |     1 |       ||     4
       Scroll            |       |    10 |     2 |       ||    12
 Stab: Sleeping          |     9 |     5 |     3 |     2 ||    19
       Distracted        |     1 |       |       |     1 ||     2
Armor: Robe              |    22 |    51 |   193 |   106 ||   372
Dodge: Dodged            |    48 |    85 |   351 |   218 ||   702

Table legend: (Time is in decaauts)
 A = Elapsed time spent in this place.
 B = Non-inter-level travel time spent in this place.
 C = Inter-level travel time spent in this place.
 D = Time resting spent in this place.
 E = Time spent auto-exploring this place.
 F = Levels seen in this place.
 G = Mean time per level.
                   A        B        C        D        E       F      G
               +--------+--------+--------+--------+--------+-----+--------+
         Total |  16391 |  15755 |    636 |   3444 |   9341 |  12 | 1365.9 |
       Dungeon |  16260 |  15641 |    619 |   3444 |   9253 |  11 | 1478.2 |
        Temple |    131 |    114 |     17 |      0 |     88 |   1 |  131.0 |
               +--------+--------+--------+--------+--------+-----+--------+

Top non-repeatable levels by time:
     D:6: 2959 daAuts
     D:7: 2457 daAuts
     D:5: 2180 daAuts
    D:10: 1886 daAuts
     D:9: 1475 daAuts
     D:8: 1463 daAuts
     D:3: 1376 daAuts
     D:2: 931 daAuts
     D:4: 774 daAuts
     D:1: 675 daAuts
  Temple: 131 daAuts
    D:11: 79 daAuts
